Map: Prion Terraces

Players

OnTheEdge

  • Race: Terran Terran

Gracz

  • Race: Terran Terran

VOD

Have the link to the VOD?

Description

Time

  • Played on: April 27, 2016, 8:01 a.m.
  • Length: 2:19
Show
View Real Time Build Order
Export as new Build Order

OnTheEdge Terran 

Build Orders: Reaper Expand 

Get SALT Encoding   

  12  0:00  SCV  
  13  0:13  SCV  
  14  0:17  Supply Depot  
  14  0:25  SCV  
  15  0:39  Barracks, SCV  
  16  0:43  Refinery  
  16  0:51  SCV  
  17  1:09  SCV  
  18  1:26  Orbital Command  
  18  1:28  Reaper  
  19  1:39  Command Center  
  19  1:48  Supply Depot  
  19  1:55  SCV  
  21  2:07  SCV  
Show
View Real Time Build Order
Export as new Build Order

Gracz Terran 

Build Orders:  

Get SALT Encoding   

  12  0:18  SCV  
  13  0:40  SCV  
  14  0:51  Command Center  
  14  1:22  Supply Depot  
  14  1:25  SCV  
  15  1:59  Supply Depot  
Tags
 
Add a new tag
Caveats
  • Supply blocks, unpowered buildings, or Contaminate may cause inaccurate times.
  • Supply counts are checked every 10 seconds.